 Dungeon Crawl Stone Soup version 0.30-a0-782-ge64f9170bb (webtiles) character file.

Game seed: 6470572568708468149

53 Leeroy the Slasher (level 3, 0/18 HPs)
             Began as a Vine Stalker Warper on Feb 23, 2023.
             Slain by an ogre
             ... wielding a +0 giant club
              (11 damage)
             ... on level 4 of the Dungeon.
             The game lasted 00:01:31 (1749 turns).

Leeroy the Slasher (Vine Stalker Warper)            Turns: 1749, Time: 00:01:32

Health: 0/18       AC:  8    Str: 13    XL:     3   Next: 89%
Magic:  0/7        EV:  9    Int: 13    God:
Gold:   72         SH:  0    Dex: 15    Spells: 6/6 levels left

rFire   + . .      SeeInvis .    a - +0 falchion
rCold   . . .      Faith    .    (no shield)
rNeg    . . .      Spirit   +    r - +1 scale mail {rF+}
rPois   .          Reflect  .    n - +0 helmet
rElec   .          Harm     .    (no cloak)
rCorr   .          Rampage  .    (no gloves)
Will    .....                    (no boots) Stlth
                                 (no amulet)
HPRegen 0.23/turn                (no ring)
MPRegen 0.10/turn                (no ring)

@: no status effects
A: fangs 2, magic shield, antimagic bite, no potion heal 2
a: no special abilities


You were on level 4 of the Dungeon.
You visited 1 branch of the dungeon, and saw 4 of its levels.

You collected 72 gold pieces.

Inventory:

Hand Weapons
 a - a +0 falchion (weapon)
 l - a +0 rapier
Missiles
 d - 7 boomerangs of dispersal (quivered)
Armour
 b - a +0 leather armour
 n - a +0 helmet (worn)
 r - a +1 scale mail of fire resistance (worn)
Jewellery
 i - a +5 ring of evasion
Scrolls
 c - a scroll of blinking
 e - a scroll of magic mapping {unknown}
 f - a scroll of enchant weapon {unknown}
 g - 3 scrolls of identify {unknown}
 h - 3 scrolls of teleportation {unknown}
 j - a scroll of amnesia {unknown}
 o - 2 scrolls of poison {unknown}
Potions
 k - a potion of degeneration {unknown}
 m - a potion of curing {unknown}
 p - a potion of lignification {unknown}
 q - 2 potions of haste {unknown}


   Skills:
 - Level 1.7 Fighting
 + Level 3.7 Long Blades
 - Level 0.8 Throwing
 - Level 0.7 Armour
 - Level 1.5 Dodging
 - Level 2.1 Spellcasting
 - Level 3.0 Translocations


You had 6 spell levels left.
You didn't know any spells.
Your spell library contained the following spells:

 Spells                   Type           Power      Damage    Failure   Level
 Blink                    Tloc           18%        N/A       47%         2
 Lesser Beckoning         Tloc           18%        N/A       47%         2
 Teleport Other           Tloc           9%         N/A       71%         3
 Vhi's Electric Charge    Tloc/Air       10%        N/A       89%         3
 Manifold Assault         Tloc           9%         N/A       98%         4


Dungeon Overview and Level Annotations

Branches:
Dungeon (4/15)
 Temple: D:4-7

Altars:
Dithmenos
Zin


Innate Abilities, Weirdness & Mutations

You have extremely sharp teeth.
When hurt, damage is shared between your health and your magic reserves.
Your bite disrupts and absorbs the magic of your enemies.
Potions cannot restore your health.


Message History

The jackal bites you but does no damage.
You hit the jackal.
The jackal is severely wounded.
The jackal barely misses you.
You hit the jackal.
You kill the jackal!
No target in view!
No target in view!
No target in view!
No target in view!
No target in view!
HP restored.
Magic restored.
You see here a jackal corpse.
Found a stone staircase leading up.
A dart slug comes into view.
A dart slug is nearby!
You see here 10 gold pieces.
The dart slug launches a dart at you. The slug dart misses you.
An ogre comes into view. It is wielding a +0 giant club.
The ogre shouts!
The dart slug closely misses you.
You slash the dart slug!
You kill the dart slug!
You see here a dart slug corpse.
Found a pair of runed gloves.
You hit the ogre. Your bite misses the ogre.
The ogre is lightly wounded.
The ogre closely misses you.
You hit the ogre. You bite the ogre. You drain its power.
The ogre is moderately wounded.
The ogre hits you with a +0 giant club!
You hit the ogre.
The ogre is heavily wounded.
You closely miss the ogre. You bite the ogre, but do no damage.
The ogre is heavily wounded.
The ogre hits you with a +0 giant club!
Ouch! That really hurt!
You die...

# #.#.#..# #.#
#.#.#.#..###.#
##............####
.................#
.......$#.###....#
#..#..#...# #.#..#
#. #.###
#....####### ..
#†# #.#.........
.. #@#
#..).#.##### #.
#O# #.##...††## .
..# #........<#
...# ####.######
..... ...# #.#..#
##### ......#
#.#.#[.#


You could see an ogre.

Vanquished Creatures
  An adder (D:3)
  2 worms (D:2)
  2 dart slugs
  An orc (D:3)
  A ball python (D:1)
  2 bats
  An endoplasm (D:2)
  2 giant cockroaches
  6 goblins
  A hobgoblin (D:3)
  4 jackals (D:4)
  4 frilled lizards
  3 kobolds (D:2)
  3 rats
33 creatures vanquished.

Vanquished Creatures (others)
  2 plants (D:3)
2 creatures vanquished.

Grand Total: 35 creatures vanquished

Notes
Turn   | Place    | Note
-------+----------+-------------------------------------------
     0 | D:1      | Leeroy the Vine Stalker Warper began the quest for the Orb.
     0 | D:1      | Reached XP level 1. HP: 11/11 MP: 4/4
   256 | D:1      | Reached XP level 2. HP: 14/15 MP: 6/6
   926 | D:2      | Found a faded altar of an unknown god.
  1065 | D:2      | Reached XP level 3. HP: 15/18 MP: 5/7
  1577 | D:3      | Found a glowing silver altar of Zin.
  1670 | D:3      | Found a shadowy altar of Dithmenos.
  1670 | D:3      | Noticed a wight
  1671 | D:3      | Noticed a wight
  1742 | D:4      | Noticed an ogre
  1749 | D:4      | Slain by an ogre

Illustrated notes

Levels and vault maps discovered:
D:1:      lemuel_arrival_tunnels, layout_basic, serial_forest,
          infiniplex_forest_straight_4, infiniplex_forest_clump_small,
          infiniplex_forest_lined_room_, infiniplex_forest_clump_small,
          infiniplex_forest_lined_3, infiniplex_forest_straight_4,
          infiniplex_forest_clump_small
D:2:      layout_basic, ebering_ecumenical_altar_webs
D:3:      layout_basic, grunt_temple_overflow_order_and_chaos_1,
          amcnicky_altar_gilded, serial_shops, nicolae_shop_statue_plus,
          serial_bayou_lagoon_a, uniq_natasha, uniq_grinder
D:4:      layout_basic, general_overflow_altar, minmay_temple_entry_waves,
          serial_glass, glass_columns_a, glass_columns_a,
          hangedman_abyss_or_decor_stagger

Skill      XL: |  1  2 |
---------------+-------+-----
Long Blades    | 2 3 |  3.7
Fighting       | |  1.7
Throwing       | |  0.8
Armour         | |  0.7
Dodging        | |  1.5
Spellcasting   | |  2.1
Translocations | |  3.0

Action                     || total
---------------------------++-------
  Melee: Falchion          ||   120
         Bite              ||    24
 Armour: Leather armour    ||    15
         Scale mail        ||    19
  Dodge: Dodged            ||    71

Table legend: (Time is in decaauts)
 A = Elapsed time spent in this place.
 B = Non-inter-level travel time spent in this place.
 C = Inter-level travel time spent in this place.
 D = Time resting spent in this place.
 E = Time spent auto-exploring this place.
 F = Levels seen in this place.
 G = Mean time per level.
                   A        B        C        D        E       F      G
               +--------+--------+--------+--------+--------+-----+--------+
         Total |   1773 |   1687 |     86 |      0 |   1374 |   4 |  443.2 |
       Dungeon |   1773 |   1687 |     86 |      0 |   1374 |   4 |  443.2 |
               +--------+--------+--------+--------+--------+-----+--------+

Top non-repeatable levels by time:
     D:1: 761 daAuts
     D:2: 715 daAuts
     D:3: 238 daAuts
     D:4: 58 daAuts
